 Dungeon Crawl Stone Soup version 0.31.0-11-ge490571c62 (webtiles) character file.

Game seed: 12810421429537181945

71 Peloso the Covered (level 4, 40/40 HPs)
             Began as a Minotaur Fighter on Feb 10, 2024.
             Got out of the dungeon alive.
             The game lasted 00:02:40 (1509 turns).

Peloso the Covered (Minotaur Fighter)               Turns: 1509, Time: 00:02:41

Health: 40/40      AC:  9    Str: 20    XL:     4   Next: 5%
Magic:  3/3        EV:  7    Int:  5    God:
Gold:   41         SH:  4    Dex: 10    Spells: 3/3 levels left

rFire   + . .        a - +0 long sword
rCold   . . .        d - +0 buckler
rNeg    . . .        c - +0 chain mail
rPois   .            (helmet restricted)
rElec   .            (no cloak)
rCorr   .            (no gloves)
SInv    .            (no boots)
Will    .....        (no amulet) Stlth
                     (no ring)
HPRegen 0.26/turn    (no ring)
MPRegen 0.08/turn

%: no passive effects
@: no status effects
A: horns 2, retaliatory headbutt, claws 1, clumsy 1, deterioration 1, fire
resistance 1, wild magic 1
a: no special abilities


You escaped.
You visited 1 branch of the dungeon, and saw 2 of its levels.

You collected 41 gold pieces.

Inventory:

Hand Weapons
 a - a +0 long sword (weapon)
Armour
 b - a +0 scale mail
 c - a +0 chain mail (worn)
 d - a +0 buckler (worn)
Scrolls
 e - a scroll of teleportation {unknown}
 f - 2 scrolls of identify {unknown}
Potions
 h - a potion of curing {unknown}
 i - a potion of might


   Skills:
 + Level 4.0 Fighting
 + Level 3.4 Long Blades
 + Level 4.6 Armour
 + Level 0.3 Dodging
 + Level 4.1 Shields


You had 3 spell levels left.
You didn't know any spells.
Your spell library contained the following spells:

 Spells                   Type           Power      Damage    Failure   Level
 Animate Dead             Necr           0%         N/A       100%        4
 Haunt                    Necr/Summ      0%         N/A       100%        7
 Infestation              Necr           0%         N/A       100%        8


Dungeon Overview and Level Annotations

Branches:
Dungeon (2/15)

Altars:
Vehumet

Shops:
D:1 (


Innate Abilities, Weirdness & Mutations

You have a pair of horns on your head.
You reflexively headbutt those who attack you in melee.
You have sharp fingernails.
You are clumsy. (Dex -2)
Your body sometimes deteriorates upon taking damage.
Your flesh is heat resistant. (rF+)
Your spells are a little harder to cast, but a little more powerful.


Message History

You drop a potion of might.
You start removing your armour.
You continue taking off your +0 buckler. x4
You finish taking off your +0 buckler.
You drop a +0 buckler.
You see here a +0 chain mail.
c - a +0 chain mail You see here a +0 buckler.
d - a +0 buckler You see here a potion of might.
i - a potion of might You start removing your armour.
You continue taking off your +0 scale mail. x4
You finish taking off your +0 scale mail.
You start putting on your armour.
You continue putting on your +0 chain mail. x5
You finish putting on your +0 chain mail.
You start putting on your armour.
You continue putting on your +0 buckler. x4
You finish putting on your +0 buckler.
It was a potion of mutation.
You feel extremely strange. The horns on your head grow some more.
Your connection to magic feels subdued.
You feel resistant to heat.
Your thoughts seem clearer.
You feel extremely strange.
Your thinking seems confused.
Your magic regains its normal vibrancy.
The horns on your head shrink a bit.
You feel less in control of your magic.
You feel clumsy.
You feel yourself wasting away.
Your fingernails lengthen.
Unknown command.
What level of the Dungeon? (default 12, ? - help)
There is an open door here.
There is a stone staircase leading down here.
There is a stone staircase leading up here.
You climb upwards.
There is a stone staircase leading down here.
There is a stone staircase leading down here.
Things that are here:
2 stones; a +0 club
There is an open door here.
There is a staircase leading out of the dungeon here.
There is a staircase leading out of the dungeon here.
You have escaped!

# ##..................# # ###
##..#######.#........# # ..#
#####...#..(....##.......# #
#.#
#.....##.#######.##..###.# #
#.#
#....##.##.....##.##.###.####
#.#
#.#..#.##.#'###.##.#.........
#.#
#.##.#.#.##...##.###.###.####
#.###.##.#.#.#..##.#.#.#.#
#.#
....#....#.#.#.#@#.#.#.#.#
#.#
#.....##.#.#.#.###.#.#.#.#
#.#
###.#.##.#.#.##.#.##.#.#.#
#.# #.#.##.#.##.#####.##.#.#
#.####
#.#.##.##..#...#.##.##.#
#.....
###.#.##..##.#######.##..#
######
....#..##(.##.......##..###
######.##...#########.....#
#.##..............##†#


There were no monsters in sight!

Vanquished Creatures
  Terence (D:2)
  2 dart slugs (D:1)
  An orc (D:2)
  3 endoplasms
  4 goblins
  A hobgoblin (D:2)
  4 quokkas
  4 ball pythons
  3 bats (D:1)
  2 frilled lizards (D:1)
  5 kobolds
  8 rats
38 creatures vanquished.

Notes
Turn   | Place    | Note
-------+----------+-------------------------------------------
     0 | D:1      | Peloso the Minotaur Fighter began the quest for the Orb.
     0 | D:1      | Reached XP level 1. HP: 19/19 MP: 0/0
    91 | D:1      | Found a faded altar of an unknown god.
   144 | D:1      | Reached XP level 2. HP: 27/27 MP: 1/1
   317 | D:1      | Found Pucvojif's Weapon Emporium.
   651 | D:1      | Reached XP level 3. HP: 33/33 MP: 2/2
  1231 | D:2      | Noticed Terence
  1239 | D:2      | Killed Terence
  1240 | D:2      | Reached XP level 4. HP: 25/40 MP: 3/3
  1356 | D:2      | Found a radiant altar of Vehumet.
  1391 | D:2      | Gained mutation: You have a pair of large horns on your
                  | head. [potion of mutation]
  1391 | D:2      | Gained mutation: Your spells are a little easier to cast,
                  | but a little less powerful. [potion of mutation]
  1391 | D:2      | Gained mutation: Your flesh is heat resistant. (rF+)
                  | [potion of mutation]
  1391 | D:2      | Gained mutation: You possess an exceptional clarity of
                  | mind. [potion of mutation]
  1392 | D:2      | Lost mutation: You possess an exceptional clarity of mind.
                  | [potion of mutation]
  1392 | D:2      | Lost mutation: Your spells are a little easier to cast, but
                  | a little less powerful. [potion of mutation]
  1392 | D:2      | Lost mutation: You have a pair of large horns on your head.
                  | [potion of mutation]
  1392 | D:2      | Gained mutation: Your spells are a little harder to cast,
                  | but a little more powerful. [potion of mutation]
  1392 | D:2      | Gained mutation: You are clumsy. (Dex -2) [potion of
                  | mutation]
  1392 | D:2      | Gained mutation: Your body sometimes deteriorates upon
                  | taking damage. [potion of mutation]
  1392 | D:2      | Gained mutation: You have sharp fingernails. [potion of
                  | mutation]
  1509 | D:$      | Got out of the dungeon alive.

Illustrated notes

Levels and vault maps discovered:
D:1:      evilmike_arrival_rings, layout_loops_ring, serial_shops, shop,
          hellmonk_ecumenical_altar_zigzags
D:2:      minmay_angry_zag, layout_basic, basic_altar,
          chequers_serial_rivers_small_a, uniq_terence

Skill      XL: |  1  2  3 |
---------------+----------+-----
Armour         | 4 |  4.6
Shields        | 4 |  4.1
Fighting       | 4 |  4.0
Long Blades    | 3 |  3.4
Dodging        | |  0.3

Action                     |  1- 3 |  4- 6 || total
---------------------------+-------+-------++-------
  Melee: Long sword        |    85 |     5 ||    90
         Headbutt          |    14 |       ||    14
    Use: Potion            |     2 |     2 ||     4
 Armour: Scale mail        |    77 |     1 ||    78
  Dodge: Dodged            |    44 |     3 ||    47
  Block: Buckler           |    20 |     1 ||    21
